 Dungeon Crawl Stone Soup version 0.31-a0-233-g139696dc86 (webtiles) character file.

Game seed: 12440046531994688613

93 Decritt the Magician (level 4, 0/25 HPs)
             Began as a Deep Elf Fire Elementalist on July 8, 2023.
             Slain by an orc priest
             ... wielding a +0 club
              (6 damage)
             ... on level 3 of the Dungeon.
             The game lasted 00:06:05 (2343 turns).

Decritt the Magician (Deep Elf Fire Elementalist)   Turns: 2343, Time: 00:06:06

Health: 0/25       AC:  2    Str:  5    XL:     4   Next: 37%
Magic:  1/12       EV: 12    Int: 22    God:
Gold:   87         SH:  4    Dex: 15    Spells: 8/11 levels left

rFire   . . .        e - +1 dagger (flame)
rCold   . . .        m - +0 buckler
rNeg    . . .        a - +0 robe
rPois   .            (no helmet)
rElec   .            (no cloak)
rCorr   .            (no gloves)
SInv    .            (no boots)
Will    .....        (no amulet)
Stlth   ++           (no ring)
HPRegen 0.24/turn    (no ring)
MPRegen 0.13/turn

%: no passive effects
@: very slightly contaminated
A: no striking features
a: no special abilities


You were on level 3 of the Dungeon.
You visited 1 branch of the dungeon, and saw 3 of its levels.

You collected 87 gold pieces.

Inventory:

Hand Weapons
 e - a +1 dagger of flaming (weapon)
Armour
 a - a +0 robe (worn)
 m - a +0 buckler (worn)
Scrolls
 f - 2 scrolls of teleportation
 l - a scroll of identify {unknown}
 n - a scroll of fog {unknown}
 o - a scroll of revelation {unknown}
Potions
 b - a potion of magic
 c - 4 potions of mutation {unknown}
 d - a potion of resistance {unknown}
 g - 4 potions of degeneration {unknown}
 h - 2 potions of enlightenment {unknown}
 i - a potion of invisibility {unknown}
 j - a potion of lignification {unknown}
 k - a potion of curing {unknown}


   Skills:
 + Level 1.2 Fighting
 + Level 3.4 Dodging
 - Level 2.4 Stealth
 + Level 0.5 Shields
 + Level 4.1 Spellcasting
 - Level 1.1 Conjurations
 + Level 4.0 Fire Magic


You had 8 spell levels left.
You knew the following spells:

 Your Spells              Type           Power      Damage    Failure   Level
a - Foxfire               Conj/Fire      60%        2x1d7     8%          1
b - Scorch                Fire           44%        2d6       6%          2

Your spell library contained the following spells:

 Spells                   Type           Power      Damage    Failure   Level
 Shock                    Conj/Air       24%        1d4       17%         1
 Sandblast                Erth           8%         2d5       21%         1
 Inner Flame              Hex/Fire       13%        N/A       26%         3
 Volatile Blastmotes      Fire/Tloc      26%        2d12      26%         3
 Cigotuvi's Dreadful Rot  Necr/Pois/Air  8%         N/A       30%         2
 Passwall                 Tmut/Erth      3%         N/A       30%         2
 Poisonous Vapours        Pois/Air       8%         N/A       30%         2
 Ignite Poison            Fire/Tmut/Pois 10%        N/A       34%         3
 Dazzling Flash           Conj/Hex       12%        N/A       45%         3
 Stone Arrow              Conj/Erth      12%        3d7       45%         3
 Mephitic Cloud           Conj/Pois/Air  6%         N/A       47%         3
 Swiftness                Air            4%         N/A       52%         3
 Flame Wave               Conj/Fire      15%        2d7       58%         4
 Iskenderun's Mystic Bla  Conj/Tloc      6%         2d4       86%         4
 Airstrike                Air            2%         2d(1-17)  90%         4
 Freezing Cloud           Conj/Ice/Air   3%         6-21      99%         5
 Starburst                Conj/Fire      7%         6d4       100%        6


Dungeon Overview and Level Annotations

Branches:
Dungeon (3/15)

Altars:
Nemelex Xobeh


Message History

The orc priest is moderately wounded.
The orc priest's fire resistance burns away.
The orc wizard points at you and mumbles some strange words.
The puff of flame hits you! The orc wizard casts a spell at you.
The magic dart hits you.
* * * LOW HITPOINT WARNING * * *
The orc barely misses you.
Casting: Scorch (safe; 6% risk of failure)
Confirm with . or Enter, or press ? or * to list all spells.
Flames lash the orc.
You kill the orc!
The orc priest is no longer more vulnerable to fire.
An orc comes into view. It is wielding a +0 dagger.
The orc wizard barely misses you.
Casting: Scorch (safe; 6% risk of failure)
Confirm with . or Enter, or press ? or * to list all spells.
You miscast Scorch.
You are very lightly contaminated with residual magic.
Nothing appears to happen.
The orc wizard closely misses you.
Casting: Scorch (safe; 6% risk of failure)
Confirm with . or Enter, or press ? or * to list all spells.
Flames lash the orc.
You kill the orc!
The orc wizard casts a spell at you. You resist with some effort.
An orc priest comes into view. It is wielding a +0 club.
Casting: Scorch (safe; 6% risk of failure)
Confirm with . or Enter, or press ? or * to list all spells.
Flames lash the orc priest.
The orc priest is heavily wounded.
The orc priest's fire resistance burns away.
The orc wizard hits you with a +0 dagger.
* * * LOW HITPOINT WARNING * * *
The orc priest calls upon Beogh to heal the orc priest.
The orc priest's wounds heal themselves!
The orc priest hits you from afar with a +0 trident of venom.
* * * LOW HITPOINT WARNING * * *
The orc priest hits you with a +0 club.
You die...

## .. #. #. #. #o
.#####o########
......o@......#
#...♣..P..###########.#
..P~♣~~..P.# #.#
.~~~♣~♣.♣P## #.# #♣♣ ♣
. . ~~~~~..P# #.#
##P♣♣P♣. ..♣~♣~~~~P..##
#.# #..~~~~.
.P..♣~♣~~...P# #.#
#.P.P♣~. ##♣..P.~....P#
#.###.♣♣♣♣ ...P.......#
#.....# ♣♣♣


You could see 2 orc priests and an orc wizard.

Vanquished Creatures
  2 adders (D:2)
  A worm (D:3)
  4 orcs (D:3)
  7 endoplasms
  2 giant cockroaches (D:1)
  6 goblins
  7 hobgoblins
  7 jackals
  4 quokkas
  3 ball pythons
  7 frilled lizards
  4 kobolds
  10 rats
64 creatures vanquished.

Vanquished Creatures (collateral kills)
  2 foxfires (D:3)
2 creatures vanquished.

Vanquished Creatures (others)
  144 foxfires
144 creatures vanquished.

Grand Total: 210 creatures vanquished

Notes
Turn   | Place    | Note
-------+----------+-------------------------------------------
     0 | D:1      | Decritt the Deep Elf Fire Elementalist began the quest for
                  | the Orb.
     0 | D:1      | Reached XP level 1. HP: 10/10 MP: 6/6
   148 | D:1      | Reached XP level 2. HP: 11/16 MP: 5/8
   453 | D:1      | Learned a level 2 spell: Scorch
   803 | D:1      | Reached XP level 3. HP: 20/20 MP: 7/10
  1149 | D:2      | Reached skill level 1 in Fighting
  1309 | D:2      | Found a sparkling altar of Nemelex Xobeh.
  1704 | D:2      | Reached XP level 4. HP: 25/25 MP: 5/11
  2343 | D:3      | Slain by an orc priest

Illustrated notes

Levels and vault maps discovered:
D:1:      shiori_arrival_maze, layout_basic, minmay_pentomino_q4
D:2:      layout_rooms, basic_altar, serial_curves, eino_curves_02,
          eino_curves_01
D:3:      layout_loops_ring, nicolae_hepliaklqana_hazy_memory, serial_bayou,
          serial_bayou_crossing, serial_bayou_lagoon_b, serial_bayou_pond_a,
          serial_bayou_pond_a, hangedman_abyss_or_decor_lesser_grid,
          uniq_jessica

Skill      XL: |  1  2  3  4 |
---------------+-------------+-----
Dodging        | 3 |  3.4
Fighting       | 1 |  1.2
Spellcasting   | 4 |  4.1
Fire Magic     | 4 |  4.0
Stealth        | |  2.4
Shields        | |  0.5
Conjurations   | |  1.1

Action                     |  1- 3 |  4- 6 || total
---------------------------+-------+-------++-------
  Melee: Dagger            |    13 |       ||    13
   Cast: Foxfire           |    71 |    21 ||    92
         Scorch            |     9 |     5 ||    14
    Use: Scroll            |     1 |       ||     1
   Stab: Sleeping          |     1 |       ||     1
 Armour: Robe              |     8 |     1 ||     9
  Dodge: Dodged            |    28 |     7 ||    35
  Block: Buckler           |     3 |       ||     3

Table legend: (Time is in decaauts)
 A = Elapsed time spent in this place.
 B = Non-inter-level travel time spent in this place.
 C = Inter-level travel time spent in this place.
 D = Time resting spent in this place.
 E = Time spent auto-exploring this place.
 F = Levels seen in this place.
 G = Mean time per level.
                   A        B        C        D        E       F      G
               +--------+--------+--------+--------+--------+-----+--------+
         Total |   2353 |   2332 |     21 |    123 |   1811 |   3 |  784.3 |
       Dungeon |   2353 |   2332 |     21 |    123 |   1811 |   3 |  784.3 |
               +--------+--------+--------+--------+--------+-----+--------+

Top non-repeatable levels by time:
     D:1: 994 daAuts
     D:2: 869 daAuts
     D:3: 489 daAuts
